[Event "Titled Tuesday Blitz May 24 Early 2022"]
[White "Osiecki, Stanislaw"]
[Black "Jian, Alex"]
[WhiteFideId "1102990"]
[BlackFideId "30901022"]
[WhiteElo "2127"]
[BlackElo "2111"]
[Result "1/2-1/2"]
[Round "03"]
[TimeControl "180+1"]
[Date "2022.05.25"]
[WhiteClock "0:00:27"]
[BlackClock "0:00:03"]

1. e4 c5 2. c3 d5 3. e5 Nc6 4. d4 Bf5 5. Bd3 Bxd3 6. Qxd3 e6 7. Ne2 Nge7 8. O-O Nf5 9. Rd1 Qb6 10. a3 Rc8 11. g4 Nh4 12. Qh3 Be7 13. b4 cxd4 14. cxd4 Nxd4 15. Nbc3 Ndf3+ 16. Kf1 Nxe5 17. Be3 Qa6 18. Bd4 Nhg6 19. Kg1 O-O 20. f4 Nc6 21. b5 Qa5 22. bxc6 Rxc6 23. Qd3 Bd6 24. f5 Ne5 25. Bxe5 Bxe5 26. Rac1 Rfc8 27. Na2 Rc4 28. Rxc4 Rxc4 29. h3 Qc5+ 30. Kg2 h6 31. Rc1 Rxc1 32. Naxc1 Bb2 33. Nb3 Qxa3 34. h4 Bf6 35. fxe6 fxe6 36. Qc2 Qe7 37. Qc8+ Kh7 38. Qc2+ Kg8 39. Qc8+ Kh7 40. Qc2+ Kg8 1/2-1/2


[Site "https://www.chess.com"]

[Event "Titled Tuesday Blitz May 24 Early 2022"]
[White "Ovezdurdyyeva, Jemal"]
[Black "Decuigniere, Tom"]
[WhiteFideId "14001888"]
[BlackFideId "26093820"]
[WhiteElo "1946"]
[BlackElo "1997"]
[Result "1-0"]
[Round "03"]
[TimeControl "180+1"]
[Date "2022.05.25"]
[WhiteClock "0:00:07"]
[BlackClock "0:00:01"]

1. e4 c5 2. Nf3 e6 3. d4 cxd4 4. Nxd4 Nf6 5. Nc3 Nc6 6. Ndb5 d6 7. a4 a6 8. Na3 d5 9. exd5 exd5 10. Bd3 Bc5 11. O-O O-O 12. Bg5 h6 13. Bxf6 Qxf6 14. Nxd5 Qxb2 15. Nc4 Qd4 16. c3 Qh4 17. Qf3 Be6 18. Nf4 Qf6 19. Qe4 g6 20. Nxe6 fxe6 21. Qxg6+ Qxg6 22. Bxg6 Rf6 23. Be4 Raf8 24. Bf3 e5 25. Rfe1 Rf5 26. Ra2 b5 27. axb5 axb5 28. Ne3 R5f6 29. Rb2 b4 30. cxb4 Nxb4 31. Rc1 Nd3 32. Rc4 Nxb2 33. Rxc5 e4 34. Bxe4 Rxf2 35. Bd5+ Kh8 36. Bf3 Rd2 37. h3 Rfd8 38. Rc6 1-0


[Site "https://www.chess.com"]

[Event "Titled Tuesday Blitz May 24 Early 2022"]
[White "Papasimakopoulos, Alexandros"]
[Black "Ingebretsen, Jens E"]
[WhiteFideId "4244125"]
[BlackFideId "1522965"]
[WhiteElo "2340"]
[BlackElo "2036"]
[Result "1-0"]
[Round "03"]
[TimeControl "180+1"]
[Date "2022.05.25"]
[WhiteClock "0:00:25"]
[BlackClock "0:00:13"]

1. d4 d5 2. c4 c6 3. cxd5 cxd5 4. Bf4 g6 5. Nc3 Bg7 6. e3 a6 7. Bd3 Nc6 8. h3 h5 9. Nf3 Nh6 10. Qb3 e6 11. O-O O-O 12. Na4 Nf5 13. Nb6 Ra7 14. Bxf5 gxf5 15. Rac1 f6 16. Rc3 e5 17. Nxc8 Qxc8 18. dxe5 Qe6 19. exf6 Bxf6 20. Rd3 Rd8 21. Rfd1 Na5 22. Qb4 Nc4 23. b3 Nb2 24. Nd4 Bxd4 25. Qxd4 Nxd3 26. Qxa7 Nxf4 27. exf4 Rd7 28. Qd4 Qe4 29. f3 Qxd4+ 30. Rxd4 Kf7 31. g4 Ke6 32. Kf2 hxg4 33. hxg4 Rh7 34. Ke3 fxg4 35. fxg4 Rh3+ 36. Kf2 Rh2+ 37. Kg3 Rxa2 38. g5 Rb2 39. Rd3 b5 40. Re3+ Kf5 41. Re5+ Kg6 42. Rxd5 Rxb3+ 43. Kg4 Rb1 44. Rd6+ Kf7 45. Rxa6 b4 46. Kf5 b3 47. Ra7+ Ke8 48. Rb7 b2 49. g6 Kd8 50. Kf6 Rf1 51. Rxb2 Rxf4+ 52. Kg7 Ke7 53. Re2+ Kd6 54. Kh7 Rg4 55. g7 Rh4+ 56. Kg6 Rg4+ 57. Kf6 Rf4+ 58. Kg5 Rf1 59. Rg2 Ke5 60. g8=Q Rf5+ 61. Kg6 Rf6+ 62. Kg7 Rg6+ 63. Kxg6 Kf4 64. Qc4+ Kf3 65. Qg4+ Ke3 66. Re2+ Kd3 67. Qe4+ Kc3 68. Rc2+ Kb3 69. Qc4+ Ka3 70. Ra2# 1-0


[Site "https://www.chess.com"]

[Event "Titled Tuesday Blitz May 24 Early 2022"]
[White "Perez Leiva, Jerzy Jesus"]
[Black "Kovalev, Vladislav"]
[WhiteFideId "3524337"]
[BlackFideId "13504398"]
[WhiteElo "2287"]
[BlackElo "2530"]
[Result "0-1"]
[Round "03"]
[TimeControl "180+1"]
[Date "2022.05.25"]
[WhiteClock "0:00:04"]
[BlackClock "0:00:11"]

1. e4 e5 2. Nf3 Nc6 3. Bb5 a6 4. Ba4 Nf6 5. O-O Be7 6. d3 b5 7. Bb3 O-O 8. Nc3 d6 9. a4 Bg4 10. Be3 Na5 11. Ba2 b4 12. Nd5 b3 13. cxb3 Nxd5 14. exd5 f5 15. h3 Bh5 16. Qe1 Bxf3 17. gxf3 Nb7 18. f4 Bf6 19. Qd2 exf4 20. Bxf4 g5 21. Bh2 f4 22. Rae1 Qd7 23. Re6 Nc5 24. b4 Nxe6 25. dxe6 Qe7 26. Rc1 Kh8 27. Kg2 c5 28. bxc5 dxc5 29. Bc4 Bd4 30. f3 Rf6 31. Bg1 Bxg1 32. Kxg1 Rxe6 33. Bxe6 Qxe6 34. Rxc5 h6 35. Qc3+ Kg8 36. d4 Re8 37. Re5 Qf7 38. Qc6 Rxe5 39. dxe5 Qf5 40. Qd5+ Kg7 41. Qb7+ Kg6 42. Qc6+ Kh5 43. Qe4 Qxe4 44. fxe4 a5 45. Kf2 Kg6 46. Kf3 Kf7 47. Kg4 Ke6 48. h4 Kxe5 0-1


[Site "https://www.chess.com"]

[Event "Titled Tuesday Blitz May 24 Early 2022"]
[White "Pesotskiy, Mikhail"]
[Black "Gaehwiler, Gabriel"]
[WhiteFideId "34164453"]
[BlackFideId "1314530"]
[WhiteElo "2010"]
[BlackElo "2383"]
[Result "0-1"]
[Round "03"]
[TimeControl "180+1"]
[Date "2022.05.25"]
[WhiteClock "0:00:14"]
[BlackClock "0:00:17"]

1. d4 c5 2. d5 e5 3. c4 d6 4. e4 Be7 5. Nc3 Nf6 6. Bd3 Nbd7 7. Nge2 Nf8 8. Ng3 h5 9. Nf5 Bxf5 10. exf5 h4 11. O-O N8d7 12. f4 Nh5 13. fxe5 Nxe5 14. Be2 Nf6 15. Bf4 Nfd7 16. Qd2 Bf6 17. Nb5 Nb6 18. Rae1 Qe7 19. b3 a6 20. Qa5 axb5 21. Qxb6 O-O 22. cxb5 Rxa2 23. Bc4 h3 24. Re2 Nxc4 25. Rxe7 Rxg2+ 26. Kh1 Nxb6 27. Rxb7 Nxd5 28. Bxd6 Re8 29. b6 Be5 30. Bxe5 Rxe5 31. Rb8+ Kh7 32. b7 Ree2 33. Rh8+ Kxh8 34. b8=Q+ Kh7 35. Ra1 Ne3 36. Qf4 Ng4 37. Qf3 Rxh2+ 38. Kg1 Reg2+ 39. Kf1 Rh1# 0-1


[Site "https://www.chess.com"]

[Event "Titled Tuesday Blitz May 24 Early 2022"]
[White "Petre, Nad-Titus"]
[Black "Pakleza, Zbigniew"]
[WhiteFideId "1204165"]
[BlackFideId "1119290"]
[WhiteElo "2354"]
[BlackElo "2467"]
[Result "0-1"]
[Round "03"]
[TimeControl "180+1"]
[Date "2022.05.25"]
[WhiteClock "0:00:08"]
[BlackClock "0:00:06"]

1. e4 d6 2. d4 Nf6 3. Nc3 c6 4. h3 b5 5. a3 e5 6. g4 Nbd7 7. Be3 Bb7 8. Bg2 a5 9. Nce2 g6 10. Qd2 Bg7 11. Bh6 O-O 12. Bxg7 Kxg7 13. dxe5 dxe5 14. O-O-O Qe7 15. Ng3 Nc5 16. g5 Ng8 17. Nf3 Rfe8 18. Qd6 b4 19. Qxe7 Rxe7 20. h4 bxa3 21. bxa3 Ba6 22. Bf1 Rb8 23. Bxa6 Nxa6 24. Rd6 Rb6 25. h5 gxh5 26. Nf5+ Kf8 27. Nxe7 Nxe7 28. Rd8+ Kg7 29. Rxh5 Nc5 30. Nd2 Ng6 31. f3 Ne6 32. Nc4 Rb5 33. Ra8 Rc5 34. Nxa5 Nd4 35. Rh2 Nxf3 36. Rf2 Nxg5 37. Ra7 Nf4 38. Nb3 Rc4 39. Kb1 Nxe4 40. Rf1 h5 41. Rg1+ Kf6 42. a4 h4 43. a5 h3 44. a6 Ra4 45. Ra8 Nf2 46. Rf1 h2 47. Rh8 h1=Q 48. Rhxh1 Nxh1 49. Rxh1 Rxa6 50. Rh6+ Kg5 51. Rh2 f5 52. Rd2 e4 53. Kb2 e3 54. Rd8 Ra4 55. Kc3 Re4 56. Nc5 Re5 57. Rg8+ Kh4 58. Nd7 Re6 59. Nf8 e2 60. Rh8+ Kg3 61. Rh1 e1=Q+ 62. Rxe1 Rxe1 0-1


[Site "https://www.chess.com"]

[Event "Titled Tuesday Blitz May 24 Early 2022"]
[White "Petrova, Irina"]
[Black "Stevens, Christian"]
[WhiteFideId "14124122"]
[BlackFideId "2604450"]
[WhiteElo "1993"]
[BlackElo "2504"]
[Result "1-0"]
[Round "03"]
[TimeControl "180+1"]
[Date "2022.05.25"]
[WhiteClock "0:00:07"]
[BlackClock "0:00:09"]

1. e4 c5 2. Nf3 e6 3. b3 Nc6 4. Bb2 Nf6 5. e5 Nd5 6. g3 d6 7. exd6 Qxd6 8. Bg2 Nf6 9. Na3 Be7 10. Nc4 Qc7 11. O-O O-O 12. a4 Bd7 13. Nfe5 Rad8 14. Nxd7 Rxd7 15. Bxc6 bxc6 16. Qf3 Nd5 17. Rad1 Bf6 18. Bxf6 Nxf6 19. Rfe1 Rfd8 20. d3 h6 21. Ne5 Rd5 22. Nc4 Rd4 23. Nd2 R4d5 24. Ne4 Nxe4 25. Rxe4 Rd4 26. Rde1 Qa5 27. Kg2 R4d5 28. R1e2 Qc3 29. Rf4 R8d7 30. Rc4 Qa1 31. Qe3 Qa3 32. Rg4 Kh7 33. Qf3 Qa1 34. Rc4 Qc1 35. Qe4+ Kg8 36. Qe3 Qxe3 37. Rxe3 Kf8 38. f4 Ke7 39. Kf3 Kd8 40. Re5 Rxe5 41. fxe5 Rd5 42. Ke4 Kc7 43. c3 f5+ 44. exf6 gxf6 45. Ke3 h5 46. Rf4 Re5+ 47. Re4 Kd6 48. Kf4 Rf5+ 49. Ke3 Rf1 50. Rh4 Rf5 51. Rf4 Re5+ 52. Re4 Rg5 53. Rh4 Ke5 54. Re4+ Kf5 55. Rf4+ Kg6 56. Re4 e5 57. Rc4 Rf5 58. Rxc5 Rf1 59. Rxc6 Rh1 60. h4 Rg1 61. Kf2 Rd1 62. Rd6 Rc1 63. c4 Rc3 64. Rd7 Rxb3 65. Ke3 Rb1 66. Rxa7 Rg1 67. Kf2 Ra1 68. a5 Kf5 69. a6 Kg4 70. Ra8 Ra2+ 71. Ke3 Kxg3 72. a7 Kxh4 73. Ke4 Kh3 74. Kf5 h4 75. c5 Kh2 76. c6 h3 77. c7 Rf2+ 78. Ke6 Rc2 79. c8=Q Rd2 80. Qh8 Kg1 81. Rg8+ Rg2 82. Rxg2+ hxg2 83. Qg7 Kf2 84. Qxg2+ Kxg2 85. a8=Q+ 1-0


[Site "https://www.chess.com"]

[Event "Titled Tuesday Blitz May 24 Early 2022"]
[White "Petrovskyi, Vadym"]
[Black "Martinez Alcantara, Jose Eduardo"]
[WhiteFideId "14165210"]
[BlackFideId "3805662"]
[WhiteElo "2400"]
[BlackElo "2690"]
[Result "0-1"]
[Round "03"]
[TimeControl "180+1"]
[Date "2022.05.24"]
[WhiteClock "0:00:03"]
[BlackClock "0:00:11"]

1. e4 c5 2. Nf3 d6 3. d4 cxd4 4. Nxd4 Nf6 5. Nc3 Nc6 6. Bg5 e6 7. Qd2 a6 8. f4 Bd7 9. O-O-O Be7 10. Nf3 b5 11. Bxf6 gxf6 12. Kb1 Qa5 13. Bd3 h5 14. f5 O-O-O 15. g3 Kb7 16. Ne2 Qxd2 17. Rxd2 Bf8 18. Ned4 e5 19. Ne2 d5 20. exd5 Ne7 21. Nh4 Bh6 22. Rdd1 Nxd5 23. Be4 Bc6 24. Ng2 Kc7 25. Rd3 Ne7 26. Rc3 Kb6 27. Bxc6 Nxc6 28. Rd3 Rxd3 29. cxd3 Rd8 30. Rd1 b4 31. Ne1 Ne7 32. Nc2 a5 33. a3 b3 34. Ne1 Nxf5 35. Ng2 Nd4 36. Nc3 Nf3 37. Ne1 Nxe1 38. Rxe1 Rxd3 39. Rf1 Bg7 40. Rf5 h4 41. gxh4 Rh3 42. Kc1 Rxh4 43. Rf3 Kc6 44. Nd1 Bh6+ 45. Kb1 a4 46. h3 Kd5 47. Nc3+ Ke6 48. Rd3 f5 49. Nb5 e4 50. Rc3 Bg7 51. Rc6+ Kd5 52. Rc7 Rxh3 53. Kc1 Rh2 54. Ra7 Bxb2+ 55. Kd1 Be5 56. Rxa4 b2 57. Rb4 e3 58. Rb3 f4 59. a4 f3 60. a5 f2 61. Ke2 Rh1 62. Rd3+ Kc5 63. Rxe3 f1=Q+ 64. Kd2 b1=N+ 65. Kc2 Qd1# 0-1


[Site "https://www.chess.com"]

[Event "Titled Tuesday Blitz May 24 Early 2022"]
[White "Pham, Le Thao Nguyen"]
[Black "Ozkan, Ervin"]
[WhiteFideId "12401226"]
[BlackFideId "6306004"]
[WhiteElo "2271"]
[BlackElo "2226"]
[Result "0-1"]
[Round "03"]
[TimeControl "180+1"]
[Date "2022.05.25"]
[WhiteClock "0:00:09"]
[BlackClock "0:00:17"]

1. d4 d5 2. Nf3 Nf6 3. Bf4 e6 4. e3 Bd6 5. Bg3 O-O 6. Nbd2 b6 7. Bd3 Bb7 8. O-O c5 9. c3 Nc6 10. Ne5 Qc7 11. f4 Ne7 12. Bh4 Ne4 13. Bxe7 Qxe7 14. Qc2 f6 15. Bxe4 dxe4 16. Nec4 f5 17. Nxd6 Qxd6 18. Nc4 Qe7 19. Ne5 Rfd8 20. Rfd1 Rac8 21. dxc5 Qxc5 22. Kf2 Kf8 23. Nd7+ Rxd7 24. Rxd7 Ba6 25. Qa4 Bb5 26. Qxa7 Bxd7 27. Qxd7 Re8 28. Rd1 Re7 29. Qd6 Qb5 30. Rd2 Kf7 31. b3 Ra7 32. c4 Qa5 33. Qd8 Re7 34. h3 Qc3 35. Rd7 Qc2+ 36. Kg3 Rxd7 37. Qxd7+ Kf6 38. Qd4+ Kf7 39. Qxb6 Qxa2 40. Qc7+ Kf6 41. Qe5+ Kf7 42. Qc3 h5 43. c5 Qe2 44. c6 h4+ 45. Kh2 g5 46. fxg5 Qf2 47. Qc1 f4 48. exf4 e3 49. c7 e2 50. g6+ Kxg6 51. Qc2+ Kh6 52. Qxe2 Qxe2 53. c8=Q Qf2 54. Qh8+ Kg6 55. Qg8+ Kf6 56. Qg4 Qe3 57. Qxh4+ Kf7 58. Qh5+ Kf6 59. Qf3 Qe1 60. Qg3 Qe2 61. Qg5+ Kf7 62. Qh5+ Qxh5 63. g4 Qb5 64. Kg3 Qxb3+ 65. Kh4 Qf3 0-1


[Site "https://www.chess.com"]

[Event "Titled Tuesday Blitz May 24 Early 2022"]
[White "Poltorak, Sebastian"]
[Black "Itkis, Boris"]
[WhiteFideId "1199498"]
[BlackFideId "1209167"]
[WhiteElo "2066"]
[BlackElo "2207"]
[Result "1-0"]
[Round "03"]
[TimeControl "180+1"]
[Date "2022.05.25"]
[WhiteClock "0:02:01"]
[BlackClock "0:01:19"]

1. d4 Nf6 2. c4 Nc6 3. Nf3 e6 4. Nbd2 d6 5. b3 g6 6. Bb2 Bg7 7. e3 O-O 8. Be2 Qe7 9. O-O e5 10. a3 Ne8 11. Re1 f5 12. dxe5 dxe5 13. Qc2 e4 14. Nd4 Ne5 15. c5 c6 16. b4 Qg5 17. Nc4 Nc7 18. Nxe5 Bxe5 19. Bc4+ Nd5 20. Bxd5+ cxd5 21. f4 1-0


[Site "https://www.chess.com"]

[Event "Titled Tuesday Blitz May 24 Early 2022"]
[White "Pourkashiyan, Atousa"]
[Black "Solovchuk, Oleksiy"]
[WhiteFideId "12502014"]
[BlackFideId "14115220"]
[WhiteElo "2247"]
[BlackElo "2305"]
[Result "1-0"]
[Round "03"]
[TimeControl "180+1"]
[Date "2022.05.25"]
[WhiteClock "0:00:21"]
[BlackClock "0:00:09"]

1. e4 c5 2. Nf3 e6 3. d4 cxd4 4. Nxd4 Nf6 5. Nc3 d6 6. Be2 Be7 7. O-O O-O 8. Be3 Nbd7 9. f4 a6 10. a4 Qc7 11. Kh1 Re8 12. Bd3 g6 13. Qf3 e5 14. Nb3 exf4 15. Bxf4 Rf8 16. Rae1 Ne5 17. Qe3 Be6 18. Nd4 Rac8 19. Nxe6 fxe6 20. Ne2 Nc4 21. Qh3 Qd7 22. Bh6 Rf7 23. b3 Ne5 24. Nd4 Nfg4 25. Rxf7 Kxf7 26. Rf1+ Kg8 27. Bf4 Rf8 28. Qg3 Nxd3 29. Qxg4 Ne5 30. Qxe6+ Qxe6 31. Nxe6 Rf6 32. Nc7 Rf7 33. Nd5 Bd8 34. Rd1 Ng4 35. Bg3 Bg5 36. h3 Ne5 37. Nb6 Be7 38. Nc8 h5 39. Nxe7+ Rxe7 40. Rxd6 Kf7 41. Bxe5 Rxe5 42. Rd7+ Kg8 43. Rxb7 Rxe4 44. Rb6 Kg7 45. Rxa6 Re2 46. Rc6 1-0


[Site "https://www.chess.com"]

[Event "Titled Tuesday Blitz May 24 Early 2022"]
[White "Prokofiev, Valentyn"]
[Black "Melikhov, Evgeny V."]
[WhiteFideId "14160161"]
[BlackFideId "4122046"]
[WhiteElo "2174"]
[BlackElo "1931"]
[Result "0-1"]
[Round "03"]
[TimeControl "180+1"]
[Date "2022.05.25"]
[WhiteClock "0:00:02"]
[BlackClock "0:00:29"]

1. e4 e5 2. Nf3 Nc6 3. d4 exd4 4. Bc4 Nf6 5. e5 d5 6. Bb5 Ne4 7. Nxd4 Bd7 8. Bxc6 bxc6 9. O-O c5 10. Ne2 Bc6 11. f3 Ng5 12. f4 Ne4 13. f5 d4 14. Nf4 g5 15. Nh5 Qd5 16. Qe2 O-O-O 17. Nd2 Nxd2 18. Bxd2 c4 19. Nf6 d3 20. Qg4 Qd4+ 21. Qxd4 Rxd4 22. Bc3 Bc5 23. Kh1 dxc2 24. Rac1 Ba4 25. e6 Rd1 26. Ne4 Rxc1 27. Rxc1 Rd8 28. Bd2 fxe6 29. f6 Bf8 30. b3 cxb3 31. axb3 Bxb3 32. h3 a5 33. Bxg5 Rd1+ 34. Kh2 a4 35. Nc3 a3 36. f7 a2 37. Nxa2 Bxa2 38. Rxc2 Bd6+ 39. g3 Bd5 40. f8=Q+ Bxf8 41. g4 Bd6+ 42. Bf4 Bxf4# 0-1


[Site "https://www.chess.com"]

[Event "Titled Tuesday Blitz May 24 Early 2022"]
[White "Przybylski, Wojciech"]
[Black "Shipov, Sergei"]
[WhiteFideId "1117599"]
[BlackFideId "4113624"]
[WhiteElo "2133"]
[BlackElo "2805"]
[Result "0-1"]
[Round "03"]
[TimeControl "180+1"]
[Date "2022.05.24"]
[WhiteClock "0:00:04"]
[BlackClock "0:01:05"]

1. e4 e6 2. d4 d5 3. Nc3 Bb4 4. a3 Bxc3+ 5. bxc3 dxe4 6. Qg4 Nf6 7. Qxg7 Rg8 8. Qh6 Bd7 9. Qe3 c5 10. dxc5 Ba4 11. Qd4 Qxd4 12. cxd4 Bxc2 13. Ne2 Nc6 14. Be3 O-O-O 15. h3 Bd3 16. Rd1 Nd5 17. Kd2 Na5 18. Ke1 Nc4 19. Bc1 f5 20. Nf4 Nxf4 21. Bxf4 Rxd4 22. g3 Nxa3 23. Bxd3 exd3 24. Kd2 Re8 25. Rhe1 Rd5 26. Kc3 e5 27. Be3 e4 28. Rg1 Nc2 29. Bf4 Nd4 30. Kb4 Kd7 31. Kc4 Kc6 32. Be3 Red8 33. Kb4 Rxc5 34. Rc1 Nc2+ 35. Kb3 Nxe3 36. fxe3 Rxc1 37. Rxc1+ Kb5 38. Kc3 d2 39. Rd1 h5 40. h4 Kc5 41. Kc2 Kc4 42. Rxd2 Rxd2+ 43. Kxd2 0-1


[Site "https://www.chess.com"]

[Event "Titled Tuesday Blitz May 24 Early 2022"]
[White "Redzisz, Michal"]
[Black "Fernandez Hernandez, Gerardo"]
[WhiteFideId "21816107"]
[BlackFideId "2207400"]
[WhiteElo "2004"]
[BlackElo "2228"]
[Result "1-0"]
[Round "03"]
[TimeControl "180+1"]
[Date "2022.05.25"]
[WhiteClock "0:00:02"]
[BlackClock "0:00:01"]

1. Nf3 Nf6 2. b3 g6 3. Bb2 Bg7 4. g3 O-O 5. Bg2 d6 6. O-O e5 7. d3 Nbd7 8. Nbd2 c6 9. c4 Nh5 10. b4 f5 11. c5 d5 12. e4 dxe4 13. dxe4 f4 14. Qb3+ Kh8 15. Nc4 Qe7 16. Rad1 g5 17. g4 Nhf6 18. h3 h6 19. Nfxe5 Nxe5 20. Nxe5 Kh7 21. Nc4 Be6 22. Qc2 Nd7 23. Bxg7 Qxg7 24. f3 Bxc4 25. Qxc4 Ne5 26. Qc2 Rfd8 27. Rf2 Qe7 28. Rfd2 a6 29. Kf2 Rac8 30. Bf1 Kg7 31. Qc3 Kf8 32. Rxd8+ Rxd8 33. Rxd8+ Qxd8 34. Qxe5 Qd2+ 35. Be2 Qe3+ 36. Kf1 Qc1+ 37. Kg2 Qe1 38. Qd6+ Ke8 39. Qd3 Qg3+ 40. Kf1 Qxh3+ 41. Ke1 Qh1+ 42. Bf1 Qh4+ 43. Kd1 Qf2 44. Be2 Qg1+ 45. Kd2 Qa1 46. Qb3 Qd4+ 47. Kc1 Qa1+ 48. Kc2 Qd4 49. Qc3 Qf2 50. Qd2 Qg1 51. Kb2 Qh2 52. e5 Qf2 53. e6 Kf8 54. Qd8+ Kg7 55. Qd7+ 1-0


[Site "https://www.chess.com"]

[Event "Titled Tuesday Blitz May 24 Early 2022"]
[White "Richter, Nils"]
[Black "Garriga Cazorla, Pere"]
[WhiteFideId "12990809"]
[BlackFideId "32011601"]
[WhiteElo "2243"]
[BlackElo "2433"]
[Result "0-1"]
[Round "03"]
[TimeControl "180+1"]
[Date "2022.05.25"]
[WhiteClock "0:00:35"]
[BlackClock "0:00:41"]

1. e4 c5 2. Nf3 d6 3. d4 cxd4 4. Nxd4 Nf6 5. Nc3 a6 6. g3 e5 7. Nb3 b5 8. Bg2 Bb7 9. Bg5 Nbd7 10. O-O Be7 11. Bxf6 Nxf6 12. Re1 O-O 13. a3 Rc8 14. Nd2 Qb6 15. Nf1 Rc5 16. Qd2 Rfc8 17. Rad1 g6 18. h3 a5 19. Rc1 Rc4 20. Ne3 Rd4 21. Qe2 b4 22. axb4 axb4 23. Ncd5 Nxd5 24. Nxd5 Bxd5 25. exd5 Bg5 26. Ra1 Rdc4 27. h4 Bh6 28. Be4 f5 29. Bd3 Rg4 30. Ra6 Qc5 31. Kg2 e4 32. Bb5 Qxc2 33. Bc6 Qxe2 34. Rxe2 Rb8 35. b3 Bg7 36. Rea2 Be5 37. Ra8 Rxa8 38. Rxa8+ Kg7 39. Rb8 e3 40. f4 Bxf4 41. Rxb4 Rxg3+ 42. Kf1 Be5 43. Rb7+ Kh6 44. b4 f4 45. Ke2 Rg2+ 46. Kd3 Rd2+ 47. Ke4 e2 0-1


[Site "https://www.chess.com"]

[Event "Titled Tuesday Blitz May 24 Early 2022"]
[White "Riehle, Marco"]
[Black "Lobachev, Yury"]
[WhiteFideId "12904392"]
[BlackFideId "24138177"]
[WhiteElo "2462"]
[BlackElo "2309"]
[Result "1-0"]
[Round "03"]
[TimeControl "180+1"]
[Date "2022.05.25"]
[WhiteClock "0:02:09"]
[BlackClock "0:00:52"]

1. e4 c5 2. a3 e6 3. b4 d5 4. exd5 Qxd5 5. Nf3 Nf6 6. Bb2 Be7 7. c4 Qd8 8. bxc5 Bxc5 9. d4 Be7 10. Bd3 O-O 11. O-O Bd7 12. Ne5 Be8 13. Nd2 Nc6 14. Ndf3 Nxe5 15. Nxe5 b6 16. Qf3 Rc8 17. Rad1 Qc7 18. Bb1 Bc6 19. d5 exd5 20. cxd5 Ba8 21. Ng4 Nxg4 22. Qxg4 g6 23. Qd4 f6 24. d6 Qc6 25. f3 Bd8 26. Rfe1 Qc5 27. Qxc5 Rxc5 28. h3 Rd5 29. Ba2 1-0


[Site "https://www.chess.com"]

[Event "Titled Tuesday Blitz May 24 Early 2022"]
[White "Rios Escobar, Adan"]
[Black "Gallego Alcaraz, Andres Felipe"]
[WhiteFideId "3403645"]
[BlackFideId "4402669"]
[WhiteElo "2434"]
[BlackElo "2340"]
[Result "0-1"]
[Round "03"]
[TimeControl "180+1"]
[Date "2022.05.25"]
[WhiteClock "0:00:05"]
[BlackClock "0:01:54"]

1. d4 f5 2. g3 Nf6 3. Nf3 g6 4. Bg2 Bg7 5. O-O d6 6. b3 O-O 7. Bb2 c6 8. Nbd2 Qc7 9. c4 Nbd7 10. Ng5 Nb6 11. e4 h6 12. Nh3 fxe4 13. Nf4 g5 14. Ne2 d5 15. f3 e3 16. Nb1 dxc4 17. Na3 cxb3 18. Qxb3+ Nbd5 19. Nc4 Be6 20. Nxe3 Qb6 21. Nxd5 Bxd5 22. Qxb6 axb6 23. Nc3 Bc4 24. Rfe1 Rf7 25. Bh3 b5 26. d5 Nxd5 27. Rac1 Nxc3 28. Bxc3 Bxc3 29. Rxc3 Rxa2 30. Rxc4 bxc4 31. Be6 b5 32. Re5 Kg7 33. Bxf7 Kxf7 34. Rc5 Ke6 35. Rxc6+ Kd5 36. Rb6 Kc5 37. Rb7 b4 38. Rxe7 b3 39. Re5+ Kd4 40. Re4+ Kd3 41. Re8 b2 42. Rd8+ Kc3 43. Rb8 Ra1+ 44. Kg2 b1=Q 45. Rxb1 Rxb1 46. Kh3 Rb2 47. f4 Kd4 48. fxg5 hxg5 49. Kg4 Ke5 50. Kxg5 Rxh2 51. g4 Rg2 52. Kg6 Rxg4+ 53. Kh5 Re4 54. Kg5 c3 55. Kg6 c2 56. Kf7 c1=Q 57. Ke7 Qc7+ 58. Kf8 Ra4 59. Ke8 Ra8# 0-1


[Site "https://www.chess.com"]

[Event "Titled Tuesday Blitz May 24 Early 2022"]
[White "Rom, Jasper"]
[Black "Sismeiro, Miguel"]
[WhiteFideId "2023733"]
[BlackFideId "1950975"]
[WhiteElo "2233"]
[BlackElo "2031"]
[Result "1-0"]
[Round "03"]
[TimeControl "180+1"]
[Date "2022.05.25"]
[WhiteClock "0:01:44"]
[BlackClock "0:01:39"]

1. e4 g6 2. d4 Bg7 3. Nc3 d5 4. Nf3 dxe4 5. Nxe4 c6 6. Bc4 Nf6 7. Nxf6+ Bxf6 8. Bh6 Bg4 9. c3 Nd7 10. h3 Bxf3 11. Qxf3 Qa5 12. O-O e6 13. Rfe1 O-O-O 14. b4 Qf5 15. Bf4 g5 16. Qxc6+ 1-0


[Site "https://www.chess.com"]

[Event "Titled Tuesday Blitz May 24 Early 2022"]
[White "Sadubayev, Airat"]
[Black "Ferreira, Vitor Hugo Vieira"]
[WhiteFideId "13713264"]
[BlackFideId "2119765"]
[WhiteElo "2234"]
[BlackElo "2165"]
[Result "1-0"]
[Round "03"]
[TimeControl "180+1"]
[Date "2022.05.25"]
[WhiteClock "0:01:44"]
[BlackClock "0:02:26"]

1. e4 c5 2. Nf3 d6 3. d4 cxd4 4. Nxd4 Nf6 5. Nc3 a6 6. Be2 g6 7. g4 Bg7 8. g5 Nfd7 9. h4 Nc6 10. Be3 O-O 11. Qd2 Nxd4 12. Bxd4 Bxd4 13. Qxd4 b5 14. O-O-O Qb6 15. Nd5 Qd8 16. h5 Bb7 17. hxg6 fxg6 18. Rxh7 Kxh7 19. Rh1+ Kg8 20. Qh8+ Kf7 21. Qh7+ Ke6 22. Qxg6+ Nf6 23. Qf5+ Kf7 24. Bh5+ Kg7 25. Qg6+ Kh8 26. Bg4+ 1-0


[Site "https://www.chess.com"]

[Event "Titled Tuesday Blitz May 24 Early 2022"]
[White "Samaganova, Aleksandra"]
[Black "Rahman, Adel"]
[WhiteFideId "13800221"]
[BlackFideId "14204177"]
[WhiteElo "1889"]
[BlackElo "2175"]
[Result "1-0"]
[Round "03"]
[TimeControl "180+1"]
[Date "2022.05.25"]
[WhiteClock "0:00:09"]
[BlackClock "0:00:01"]

1. c4 Nf6 2. Nc3 g6 3. g3 Bg7 4. Bg2 O-O 5. e3 d6 6. Nge2 c5 7. O-O Nc6 8. a3 Bf5 9. e4 Be6 10. d3 Qd7 11. Re1 Bh3 12. Bh1 Ne8 13. Rb1 a5 14. Nd5 Rb8 15. b4 axb4 16. axb4 Nc7 17. Nb6 Qd8 18. Nf4 Bd7 19. bxc5 dxc5 20. Ba3 Ne6 21. Nxe6 Bxe6 22. Bxc5 Nd4 23. Nd5 Bxd5 24. exd5 Re8 25. Bb6 Qd7 26. Re4 e5 27. Qe1 Nf5 28. Re2 h5 29. c5 Nd4 30. Ra2 h4 31. Ra7 Qf5 32. Qe3 h3 33. Be4 Qg4 34. f3 Qh5 35. d6 Bh6 36. Qf2 f5 37. Bxb7 Rxb7 38. Rxb7 Nxf3+ 39. Kh1 e4 40. d7 Rf8 41. d8=Q Rxd8 42. Bxd8 e3 43. Qa2+ Kh8 44. Bf6+ 1-0


[Site "https://www.chess.com"]

[Event "Titled Tuesday Blitz May 24 Early 2022"]
[White "Samunenkov, Ihor"]
[Black "Shuvalov, Evgenij"]
[WhiteFideId "14187086"]
[BlackFideId "4187237"]
[WhiteElo "2409"]
[BlackElo "2053"]
[Result "1-0"]
[Round "03"]
[TimeControl "180+1"]
[Date "2022.05.25"]
[WhiteClock "0:01:08"]
[BlackClock "0:01:06"]

1. d4 Nf6 2. c4 c5 3. d5 b5 4. cxb5 a6 5. bxa6 Bxa6 6. Nc3 g6 7. e4 Bxf1 8. Kxf1 d6 9. Nf3 Bg7 10. g3 O-O 11. Kg2 Nbd7 12. a4 Qb6 13. Re1 Rfb8 14. e5 dxe5 15. Nxe5 Nxe5 16. Rxe5 Qb7 17. Qf3 Rd8 18. Bf4 Qxb2 19. Rb1 Qa3 20. Bc1 Qb4 21. Rxb4 cxb4 22. Nb5 Nxd5 23. Rxd5 Rdc8 24. Bg5 e6 25. Rd7 Rf8 26. Be7 Rfe8 27. Nc7 1-0


[Site "https://www.chess.com"]

[Event "Titled Tuesday Blitz May 24 Early 2022"]
[White "Sarkar, Justin"]
[Black "Melikyan, Gnel"]
[WhiteFideId "2010011"]
[BlackFideId "54109990"]
[WhiteElo "2020"]
[BlackElo "1772"]
[Result "1-0"]
[Round "03"]
[TimeControl "180+1"]
[Date "2022.05.25"]
[WhiteClock "0:00:27"]
[BlackClock "0:01:36"]

1. e4 c5 2. Nf3 Nc6 3. Nc3 g6 4. d4 cxd4 5. Nxd4 Bg7 6. Nde2 Nf6 7. g3 O-O 8. Bg2 d6 9. O-O Nd7 10. Be3 Nde5 11. b3 Be6 12. Rc1 Qc8 13. Nd5 Bh3 14. c4 Bxg2 15. Kxg2 f5 16. exf5 Qxf5 17. Nd4 Nxd4 18. Nxe7+ Kh8 19. Nxf5 Nxf5 20. Bf4 Rfd8 21. Qd5 Rab8 22. h4 h5 23. Rcd1 Kh7 24. Rfe1 Ne7 25. Qe6 Nf5 26. Bxe5 Bxe5 27. c5 Bc3 28. Qf7+ Kh6 29. Re6 1-0


[Site "https://www.chess.com"]